 Dungeon Crawl Stone Soup version 0.22.1-2-g9c5b331383 (webtiles) character file.

81 McIrco the Sneak (level 4, -2/33 HPs)
             Began as a Vampire Assassin on Jan 5, 2019.
             Killed from afar by a white imp (3 damage)
             ... with a puff of frost
             ... summoned by Natasha
             ... on level 2 of the Dungeon.
             The game lasted 00:02:56 (4613 turns).

McIrco the Sneak (Vampire Assassin)                 Turns: 4613, Time: 00:02:57

Health: -2/33      AC:  5    Str: 10    XL:     4   Next: 20%
Magic:  4/4        EV: 14    Int: 13    God:
Gold:   21         SH:  0    Dex: 16    Spells: 3/3 levels left

rFire    . . .     SeeInvis +   a - +2 dagger
rCold    + . .     Gourm    .   (no shield)
rNeg     + + .     Faith    .   h - +0 leather armour (curse)
rPois    +         Spirit   .   (no helmet)
rElec    .         Reflect  .   d - +0 cloak
rCorr    .         Harm     .   i - +0 pair of gloves
MR       .....                  (no boots)
Stlth    ++++......             (no amulet)
HPRegen  0.05/turn              (no ring)
MPRegen  0.09/turn              (no ring)

@: regenerating slowly, slowed, very slow
A: fangs 3, see invisible, unbreathing
a: Bat Form


You were on level 2 of the Dungeon.
You were near bloodless.

You visited 1 branch of the dungeon, and saw 2 of its levels.

You collected 21 gold pieces.

Inventory:

Hand Weapons
 a - a +2 dagger (weapon)
 b - a +0 blowgun
Missiles
 e - 24 poisoned needles
 f - 2 curare-tipped needles
Armour
 c - a +0 robe
 d - a +0 cloak (worn)
 h - a cursed +0 leather armour (worn)
 i - a +0 pair of gloves (worn)
 m - a +0 buckler
Scrolls
 j - a scroll of remove curse {unknown}
 k - 4 scrolls of identify {unknown}
 l - a scroll of teleportation {unknown}
 n - a scroll of enchant armour {unknown}
Potions
 g - 8 potions of blood


   Skills:
 - Level 1.7 Fighting
 - Level 2.1 Short Blades
 - Level 1.5 Throwing
 + Level 4.5 Dodging
 - Level 5.8 Stealth


You had 3 spell levels left.
You didn't know any spells.
Your spell library was empty.

Dungeon Overview and Level Annotations

Branches:
Dungeon (2/15)

Altars:
Ashenzari
Makhleb
Trog

Annotations:
D:2 Natasha


Innate Abilities, Weirdness & Mutations

You heal slowly.
You have razor-sharp teeth.
You have supernaturally acute eyesight. (SInv)
You can survive without breathing.


Message History

The crimson imp hits you but does no damage.
Natasha barely misses you. The white imp barely misses you.
Unknown command.
You hit Natasha.
Natasha is almost dead.
The crimson imp hits you. Natasha claws you. The white imp hits you.
The white imp freezes you. You resist. The crimson imp completely misses you.
Natasha misses you.
Unknown command.
You completely miss Natasha.
Natasha is almost dead.
The white imp gestures at you. The puff of frost hits you! You resist.
The crimson imp hits you but does no damage.
Natasha stares at you and mumbles some strange words.
The magic dart hits you!
* * * LOW HITPOINT WARNING * * *
The white imp gestures at you. The puff of frost hits you! You resist.
You die...

#.......#.######.#..##.####.###
#.......#.##.......#......##...
#.#....##.###......#.....##..##
.......#......##.....#....##...#
.##.##.........##....#...##....#
#......###....##รท..#..##.....#
#.#.##### #.....##..#.##......#
.###.#### ##...5.######.......#
.# ##....###..5@h.#(..#.......#
#....)...#######._.#######.#
#.............#...+
#.............#####
#............##.#..
#...........## .#...
#..........## #.........##
########.##


You could see Natasha, a crimson imp and a white imp.

Vanquished Creatures
  Natasha (twice) (D:2)
  A worm (D:2)
  A dart slug (D:1)
  5 goblins (D:1)
  2 hobgoblins (D:2)
  4 jackals (D:2)
  4 kobolds
  A ball python (D:1)
  4 bats
  4 frilled lizards
  A rat (D:1)
29 creatures vanquished.

Notes
Turn   | Place    | Note
-------+----------+-------------------------------------------
     0 | D:1      | McIrco the Vampire Assassin began the quest for the Orb.
     0 | D:1      | Reached XP level 1. HP: 16/16 MP: 1/1
  2282 | D:1      | Reached XP level 2. HP: 9/22 MP: 2/2
  3151 | D:2      | Found a bloodstained altar of Trog.
  4124 | D:2      | Found a shattered altar of Ashenzari.
  4160 | D:2      | Found a burning altar of Makhleb.
  4160 | D:2      | Noticed a balrug
  4197 | D:2      | Reached XP level 3. HP: 25/27 MP: 3/3
  4225 | D:2      | Noticed Natasha
  4232 | D:2      | Killed Natasha
  4246 | D:2      | Noticed Natasha
  4258 | D:2      | Killed Natasha
  4258 | D:2      | Reached XP level 4. HP: 10/33 MP: 4/4
  4596 | D:2      | Noticed Natasha
  4613 | D:2      | HP: 1/33 [Natasha/magic dart (10)]
  4613 | D:2      | Killed from afar by a white imp

Skill      XL: |  1  2  3 |
---------------+----------+-----
Dodging        | 2 3 4 |  4.5
Fighting       | |  1.7
Short Blades   | |  2.1
Throwing       | |  1.5
Stealth        | |  5.8

Action                   |  1- 3 |  4- 6 || total
-------------------------+-------+-------++-------
Melee: Dagger            |    91 |    13 ||   104
       Bite              |     7 |     3 ||    10
  Use: Potion            |     3 |     1 ||     4
 Stab: Sleeping          |     7 |       ||     7
Armor: Leather armour    |    24 |     3 ||    27
Dodge: Dodged            |    71 |    14 ||    85
